[Event "Titled Tuesday Blitz January 03 Late 2023"]
[White "Bilan, Danila"]
[Black "Nakamura, Hikaru"]
[WhiteFideId "24161918"]
[BlackFideId "2016192"]
[WhiteElo "2303"]
[BlackElo "2775"]
[Result "0-1"]
[Round "01"]
[TimeControl "180+2"]
[Date "2023.01.03"]
[WhiteClock "0:00:03"]
[BlackClock "0:01:41"]

1. d4 f5 2. Nf3 Nf6 3. g3 g6 4. Bg2 Bg7 5. O-O O-O 6. c4 d6 7. Nc3 Nc6 8. d5 Na5 9. Nd2 c5 10. Qc2 a6 11. b3 Bd7 12. Bb2 b5 13. e4 f4 14. Ne2 Nh5 15. Bxg7 Kxg7 16. Qc3+ Kg8 17. e5 b4 18. Qb2 Bf5 19. h3 Bd3 20. Rfe1 Bxe2 21. Rxe2 fxg3 22. Ne4 Nf4 23. fxg3 Nxe2+ 24. Qxe2 Rf5 25. e6 Qf8 26. h4 Qg7 27. Re1 Raf8 28. Qg4 h6 29. Kh2 Nb7 30. Qe2 a5 31. Bh3 Re5 32. Qd2 a4 33. Nf2 Rxe1 34. Qxe1 Qb2 35. Kg1 Qxf2+ 36. Qxf2 Rxf2 37. Kxf2 a3 38. Bg4 Kg7 39. Ke3 Kf6 40. Ke4 h5 41. Bd1 Na5 42. Bc2 g5 43. Bd1 Kg6 44. Kd3 gxh4 45. gxh4 Kf5 46. Bxh5 Nxb3 47. Bd1 Nc1+ 48. Kd2 Nxa2 49. Bc2+ Kg4 50. Bb3 Nc3 0-1


[Site "https://www.chess.com"]

[Event "Titled Tuesday Blitz January 03 Late 2023"]
[White "Carlsen, Magnus"]
[Black "Yurovskykh, Oleksandr"]
[WhiteFideId "1503014"]
[BlackFideId "14134020"]
[WhiteElo "2853"]
[BlackElo "2328"]
[Result "1-0"]
[Round "01"]
[TimeControl "180+2"]
[Date "2023.01.03"]
[WhiteClock "0:01:01"]
[BlackClock "0:00:21"]

1. e3 d5 2. c4 c6 3. Nf3 Nf6 4. Nc3 e6 5. b3 Bd6 6. Bb2 O-O 7. d4 Nbd7 8. Be2 b6 9. O-O Bb7 10. Rc1 Rc8 11. cxd5 cxd5 12. Nb5 Bb8 13. Rxc8 Qxc8 14. Ba3 Rd8 15. Qb1 Ba6 16. Rc1 Qb7 17. Qc2 Rc8 18. Qxc8+ Qxc8 19. Rxc8+ Bxc8 20. Nd6 Bxd6 21. Bxd6 Ne4 22. Bb4 a5 23. Be1 f6 24. Kf1 Nb8 25. Ng1 Ba6 26. f3 Nd6 27. Bg3 Bxe2+ 28. Nxe2 e5 29. dxe5 Nf5 30. exf6 Nxg3+ 31. Nxg3 gxf6 32. Nh5 Kf7 33. Nf4 Nc6 34. Nxd5 b5 35. Ke2 b4 36. Kd3 Ke6 37. Nb6 Kd6 38. Kc4 Ne5+ 39. Kb5 Nd3 40. Nc4+ Kd5 41. Nxa5 Nc1 42. Nc6 Kd6 43. Nxb4 Ne2 44. Kc4 1-0


[Site "https://www.chess.com"]

[Event "Titled Tuesday Blitz January 03 Late 2023"]
[White "Sukandar, Irine Kharisma"]
[Black "Vachier-Lagrave, Maxime"]
[WhiteFideId "7101937"]
[BlackFideId "623539"]
[WhiteElo "2390"]
[BlackElo "2742"]
[Result "0-1"]
[Round "01"]
[TimeControl "180+2"]
[Date "2023.01.03"]
[WhiteClock "0:00:31"]
[BlackClock "0:01:54"]

1. e4 c5 2. Nc3 Nc6 3. Bb5 Nd4 4. Nf3 e6 5. O-O a6 6. Bd3 Nc6 7. Re1 Nge7 8. a4 Ng6 9. Bc4 Be7 10. d4 cxd4 11. Nxd4 O-O 12. h3 Qc7 13. Ba2 d6 14. Be3 Bd7 15. Qd2 Nce5 16. Qe2 Rac8 17. Rad1 Nc4 18. Bc1 Bf6 19. Kh1 Rfe8 20. Qh5 Qb6 21. Bb3 Bxd4 0-1


[Site "https://www.chess.com"]

[Event "Titled Tuesday Blitz January 03 Late 2023"]
[White "Duda, Jan-Krzysztof"]
[Black "Aguilar, Juan"]
[WhiteFideId "1170546"]
[BlackFideId "3800091"]
[WhiteElo "2724"]
[BlackElo "2254"]
[Result "1-0"]
[Round "01"]
[TimeControl "180+2"]
[Date "2023.01.03"]
[WhiteClock "0:01:48"]
[BlackClock "0:01:17"]

1. e4 g6 2. d4 Bg7 3. c4 Nc6 4. Be3 e5 5. d5 Nd4 6. Nf3 c5 7. Bd3 d6 8. Nxd4 cxd4 9. Bd2 f5 10. f3 Nf6 11. O-O O-O 12. Na3 f4 13. b4 g5 14. c5 g4 15. Nb5 dxc5 16. bxc5 g3 17. h3 Nh5 18. Nd6 Bxh3 19. gxh3 g2 20. Rf2 Qh4 21. Rxg2 Qxh3 22. Nf5 Rxf5 23. exf5 Kh8 24. Qf1 Ng3 25. Rh2 Nxf1 26. Rxh3 Nxd2 27. Rd1 1-0


[Site "https://www.chess.com"]

[Event "Titled Tuesday Blitz January 03 Late 2023"]
[White "Altman, Joshua"]
[Black "Deac, Bogdan-Daniel"]
[WhiteFideId "426210"]
[BlackFideId "1226380"]
[WhiteElo "2120"]
[BlackElo "2700"]
[Result "1-0"]
[Round "01"]
[TimeControl "180+2"]
[Date "2023.01.03"]
[WhiteClock "0:00:50"]
[BlackClock "0:00:11"]

1. d4 g6 2. Nf3 Bg7 3. c4 e6 4. Nc3 Ne7 5. Bg5 h6 6. Bh4 g5 7. Bg3 Nf5 8. e3 h5 9. h4 g4 10. Nd2 Nxg3 11. fxg3 Bh6 12. Qe2 d6 13. O-O-O b6 14. Qd3 Bb7 15. Rg1 Nd7 16. Be2 a6 17. Kb1 Qe7 18. e4 O-O-O 19. Nb3 c5 20. Rgf1 Kb8 21. Rde1 Bg7 22. Bd1 cxd4 23. Nxd4 Ne5 24. Qe2 Rc8 25. Bb3 Rc5 26. Na4 Ra5 27. Nxb6 Qc7 28. Na4 Nxc4 29. Rc1 Bxe4+ 30. Qxe4 Nd2+ 31. Ka1 Nxe4 32. Rxc7 Rxa4 33. Bxa4 Bxd4 34. Rfxf7 Nxg3 35. Rb7+ Kc8 36. Rfc7+ Kd8 37. Rc4 1-0


[Site "https://www.chess.com"]

[Event "Titled Tuesday Blitz January 03 Late 2023"]
[White "Naroditsky, Daniel"]
[Black "Yashmetov, Mikhail"]
[WhiteFideId "2026961"]
[BlackFideId "24198900"]
[WhiteElo "2618"]
[BlackElo "2323"]
[Result "1-0"]
[Round "01"]
[TimeControl "180+2"]
[Date "2023.01.03"]
[WhiteClock "0:01:50"]
[BlackClock "0:00:23"]

1. e4 c5 2. Nf3 Nc6 3. Bb5 g6 4. O-O Bg7 5. c3 Nf6 6. e5 Nd5 7. d4 cxd4 8. cxd4 O-O 9. Nc3 Nxc3 10. bxc3 d5 11. exd6 Qxd6 12. a4 Bg4 13. h3 Bf5 14. Re1 Rac8 15. Ba3 Qc7 16. Rc1 Bf6 17. Bxc6 bxc6 18. Ne5 Rfd8 19. Qf3 Rd5 20. Nc4 Qd7 21. Bc5 Bg5 22. Rcd1 Rb8 23. Ne5 Qc8 24. c4 Rd8 25. Nxc6 Rd7 26. Bxe7 Bxe7 27. Nxe7+ Rxe7 28. Rxe7 Qxc4 29. Rxa7 Rd8 30. Qe3 Be6 31. a5 Qa4 32. Rd2 Rd5 33. Qc3 Qd7 34. Rxd7 1-0


[Site "https://www.chess.com"]

[Event "Titled Tuesday Blitz January 03 Late 2023"]
[White "Mei, Austin"]
[Black "Martinez Alcantara, Jose Eduardo"]
[WhiteFideId "30948479"]
[BlackFideId "3805662"]
[WhiteElo "2218"]
[BlackElo "2619"]
[Result "0-1"]
[Round "01"]
[TimeControl "180+2"]
[Date "2023.01.03"]
[WhiteClock "0:00:22"]
[BlackClock "0:00:54"]

1. e4 c5 2. Nf3 d6 3. d4 cxd4 4. Nxd4 Nf6 5. Nc3 Nc6 6. Bg5 e6 7. Qd2 a6 8. O-O-O Bd7 9. f3 Nxd4 10. Qxd4 Bc6 11. h4 h6 12. Be3 d5 13. e5 Nd7 14. f4 Bc5 15. Qd2 Qb6 16. Bxc5 Nxc5 17. Bd3 O-O-O 18. Ne2 d4 19. Rhg1 Kb8 20. b3 Rd7 21. Kb1 Rc8 22. g4 Bf3 23. Ka1 Ne4 24. Bxe4 Bxe4 25. Rc1 Bxc2 26. Rxc2 Rxc2 27. Qxc2 d3 28. Qb2 dxe2 29. Re1 Rd1+ 30. Qb1 Qd4# 0-1


[Site "https://www.chess.com"]

[Event "Titled Tuesday Blitz January 03 Late 2023"]
[White "Bortnyk, Olexandr"]
[Black "Sztokbant, Bernardo Vainzoff"]
[WhiteFideId "14120828"]
[BlackFideId "2115956"]
[WhiteElo "2605"]
[BlackElo "2213"]
[Result "0-1"]
[Round "01"]
[TimeControl "180+2"]
[Date "2023.01.03"]
[WhiteClock "0:00:16"]
[BlackClock "0:00:23"]

1. e4 c5 2. c3 d5 3. exd5 Qxd5 4. d4 Nc6 5. Be3 e6 6. Nf3 Nf6 7. dxc5 Qxd1+ 8. Kxd1 Ng4 9. b4 Be7 10. Nbd2 O-O 11. Bb5 Bd7 12. a4 Rfd8 13. Kc2 a5 14. Kb3 e5 15. Rhd1 Be6+ 16. Nc4 f5 17. Ng5 Rxd1 18. Rxd1 Nxe3 19. fxe3 Bxg5 20. Rd6 Kf7 21. Bxc6 bxc6 22. Rxc6 Bxe3 23. b5 Rd8 24. b6 f4 25. b7 Rb8 26. Rc7+ Kf6 27. c6 e4 28. Kc2 Bxc4 29. Rc8 Ba7 30. Kc1 Be6 31. c7 Rxc8 32. bxc8=Q Bxc8 0-1


[Site "https://www.chess.com"]

[Event "Titled Tuesday Blitz January 03 Late 2023"]
[White "Brodowski, Piotr"]
[Black "Caruana, Fabiano"]
[WhiteFideId "1124480"]
[BlackFideId "2020009"]
[WhiteElo "2457"]
[BlackElo "2764"]
[Result "0-1"]
[Round "01"]
[TimeControl "180+2"]
[Date "2023.01.03"]
[WhiteClock "0:00:22"]
[BlackClock "0:01:15"]

1. c4 e6 2. Nf3 d5 3. g3 Nf6 4. Bg2 Be7 5. O-O O-O 6. b3 b6 7. Bb2 Bb7 8. cxd5 exd5 9. e3 a5 10. a3 Nbd7 11. Nc3 Re8 12. Rc1 Bf8 13. Ne2 Nc5 14. Nf4 a4 15. b4 Nb3 16. Rb1 c5 17. bxc5 bxc5 18. Ne5 Bd6 19. d4 Rb8 20. Ne2 c4 21. Nc3 Qa5 22. Qc2 Rbc8 23. Rfd1 Rc7 24. f4 Bc8 25. h3 Bb7 26. g4 Ne4 27. Nxe4 dxe4 28. Bc3 Qb5 29. d5 Bxd5 30. Rxd5 Qxd5 31. Bxe4 Qc5 32. Bxh7+ Kh8 33. Re1 Bxe5 34. fxe5 Rxe5 35. Bf5 Rxe3 36. Kg2 Rxe1 37. Bxe1 Nd4 38. Qxa4 Nxf5 39. Qe8+ Kh7 40. Qe4 Qc6 41. Qxc6 Rxc6 42. gxf5 c3 0-1


[Site "https://www.chess.com"]

[Event "Titled Tuesday Blitz January 03 Late 2023"]
[White "Paravyan, David"]
[Black "Ozdemir, Serhan Berat"]
[WhiteFideId "4194985"]
[BlackFideId "6374611"]
[WhiteElo "2601"]
[BlackElo "2223"]
[Result "1-0"]
[Round "01"]
[TimeControl "180+2"]
[Date "2023.01.03"]
[WhiteClock "0:00:10"]
[BlackClock "0:00:02"]

1. e4 c5 2. Nf3 e6 3. d4 cxd4 4. Nxd4 a6 5. Bd3 Nf6 6. O-O d6 7. f4 Nbd7 8. Qe2 Qc7 9. c4 g6 10. Nc3 Bg7 11. Be3 O-O 12. Rac1 b6 13. b4 Bb7 14. a3 Rfe8 15. h3 Rac8 16. Kh2 Qb8 17. Nf3 d5 18. cxd5 exd5 19. e5 Nh5 20. g3 f6 21. e6 Rxe6 22. Qf2 Rce8 23. Bd4 R6e7 24. Rce1 Qd8 25. Rxe7 Rxe7 26. Re1 Rxe1 27. Qxe1 Kf7 28. Qd2 f5 29. Ng5+ Kg8 30. Ne6 Qe7 31. Nxg7 Nxg7 32. Ne2 Ne6 33. Bb2 Nf6 34. Qe3 Kf7 35. Qxb6 Ne4 36. Nd4 Nxd4 37. Qxd4 Qc7 38. Qg7+ 1-0


[Site "https://www.chess.com"]

[Event "Titled Tuesday Blitz January 03 Late 2023"]
[White "Girsh, Daniel"]
[Black "Sarana, Alexey"]
[WhiteFideId "30949190"]
[BlackFideId "24133795"]
[WhiteElo "2123"]
[BlackElo "2685"]
[Result "0-1"]
[Round "01"]
[TimeControl "180+2"]
[Date "2023.01.03"]
[WhiteClock "0:00:15"]
[BlackClock "0:00:17"]

1. e4 e5 2. Nf3 Nc6 3. Bb5 a6 4. Ba4 Bc5 5. O-O Nge7 6. c3 Ng6 7. d4 Ba7 8. d5 Nce7 9. d6 cxd6 10. Qxd6 O-O 11. Bg5 f6 12. Bb3+ Kh8 13. Be3 Bxe3 14. fxe3 b5 15. Nbd2 Bb7 16. h4 Nc8 17. Qd3 Nge7 18. c4 Nb6 19. c5 Nbc8 20. Bd5 Qc7 21. Rac1 Na7 22. h5 Nac6 23. a3 Rad8 24. h6 gxh6 25. Nh4 d6 26. Qe2 dxc5 27. Qh5 Nxd5 28. exd5 Rxd5 29. Ne4 Qg7 30. Rf3 Ne7 31. Rg3 Qf7 32. Qxh6 Rg8 33. Rf1 f5 34. Nxf5 Nxf5 35. Rxg8+ Qxg8 36. Qf6+ Ng7 37. Ng5 Rd7 38. Nf7+ Rxf7 39. Qxf7 Qxf7 40. Rxf7 Bd5 41. Rd7 Bc4 42. Rc7 Nf5 43. Rxc5 Nxe3 44. Rxe5 Nd1 45. b4 Nc3 46. Re7 Nb1 47. Ra7 Nxa3 48. Rxa6 Nc2 49. Rf6 Nxb4 50. g3 Nd5 51. Rd6 Kg7 52. Kf2 Nf6 53. Kf3 b4 54. Rb6 b3 55. g4 h6 56. Rb7+ Kg6 57. Kf4 Bf7 58. Rb6 Kg7 59. Rb7 Nd5+ 60. Ke5 Nc3 61. Kd4 Nd1 62. Kd3 Nf2+ 63. Kc3 Nxg4 64. Re7 Nf6 65. Re2 h5 66. Rg2+ Ng4 67. Rg1 Kg6 68. Rg2 Kg5 69. Rc2 bxc2 70. Kxc2 h4 71. Kd2 h3 72. Ke2 h2 73. Kf3 h1=Q+ 74. Kg3 Qh2+ 75. Kf3 Bd5# 0-1


[Site "https://www.chess.com"]

[Event "Titled Tuesday Blitz January 03 Late 2023"]
[White "Pranav, V"]
[Black "Al-Tarboush, Ward"]
[WhiteFideId "25060783"]
[BlackFideId "7601450"]
[WhiteElo "2597"]
[BlackElo "2256"]
[Result "1-0"]
[Round "01"]
[TimeControl "180+2"]
[Date "2023.01.03"]
[WhiteClock "0:02:28"]
[BlackClock "0:01:16"]

1. e4 c5 2. Nf3 Nc6 3. Bb5 e6 4. Bxc6 bxc6 5. d3 Ne7 6. O-O f6 7. Nc3 Ng6 8. h4 e5 9. h5 Nf4 10. Bxf4 exf4 11. Re1 Bd6 12. h6 g6 13. d4 O-O 14. e5 fxe5 15. dxe5 Be7 16. Qd3 Qe8 17. Rad1 Qf7 18. Ne4 a5 19. c4 Qf5 20. b3 a4 21. Qc3 Rf7 22. Nd6 Bxd6 23. exd6 Ba6 24. Ne5 1-0


[Site "https://www.chess.com"]

[Event "Titled Tuesday Blitz January 03 Late 2023"]
[White "Winterberg, Lukas"]
[Black "Kollars, Dmitrij"]
[WhiteFideId "24622702"]
[BlackFideId "12909572"]
[WhiteElo "2402"]
[BlackElo "2607"]
[Result "0-1"]
[Round "01"]
[TimeControl "180+2"]
[Date "2023.01.03"]
[WhiteClock "0:00:02"]
[BlackClock "0:00:07"]

1. d4 d5 2. Nf3 Nf6 3. c4 e6 4. Nc3 c5 5. cxd5 exd5 6. Bg5 Be6 7. Bxf6 Qxf6 8. e4 dxe4 9. Nxe4 Qf4 10. Bb5+ Nc6 11. Qe2 cxd4 12. O-O d3 13. Qxd3 Be7 14. Nd4 Bd7 15. g3 Qe5 16. Nxc6 bxc6 17. Bc4 Bf5 18. Rfe1 O-O 19. Qc3 Qxc3 20. Nxc3 Bf6 21. Rac1 Rfd8 22. Red1 Kf8 23. Rxd8+ Rxd8 24. Rd1 Rb8 25. Rd2 a5 26. a3 g5 27. Kf1 Re8 28. Re2 Rd8 29. Ke1 Bg4 30. Rd2 Re8+ 31. Be2 Be6 32. Kf1 Rb8 33. Bf3 c5 34. Ne4 Rxb2 35. Rxb2 Bxb2 36. a4 c4 37. Nxg5 Bd7 38. Bd1 Bf5 39. Nf3 Ke7 40. Ne1 h6 41. Bc2 Bd7 42. Ke2 Kd6 43. Kd2 Kc5 44. f4 Kb4 45. Nf3 Bxa4 46. g4 Bc6 47. Ne5 Be8 48. h4 a4 49. Bb1 a3 50. Nf3 c3+ 51. Ke3 Ba4 52. Nd4 Bb3 53. g5 hxg5 54. fxg5 a2 55. Bxa2 Bxa2 56. h5 Bb1 57. g6 fxg6 58. h6 g5 59. Nc6+ Kc5 60. Ne5 Kd5 61. Nf3 c2 62. Nxg5 c1=Q+ 0-1


[Site "https://www.chess.com"]

[Event "Titled Tuesday Blitz January 03 Late 2023"]
[White "Jobava, Baadur"]
[Black "gshwbedhkhd"]
[WhiteFideId "13601520"]
[WhiteElo "2578"]
[BlackElo "2511"]
[Result "1-0"]
[Round "01"]
[TimeControl "180+2"]
[Date "2023.01.03"]
[WhiteClock "0:01:35"]
[BlackClock "0:00:02"]

1. d4 f5 2. b3 Nf6 3. Bb2 g6 4. e3 Bg7 5. Nf3 O-O 6. c4 d6 7. Nbd2 Qe8 8. d5 c6 9. dxc6 bxc6 10. g3 e5 11. Bg2 Na6 12. O-O h6 13. Re1 Nc5 14. Ba3 g5 15. Qc2 e4 16. Nd4 Ng4 17. Rad1 Qh5 18. h3 Ne5 19. f4 Ned3 20. Nxc6 Nxe1 21. Rxe1 Nd3 22. Rf1 Qe2 23. Kh2 Qxe3 24. Bxd6 gxf4 25. Bxf4 Nxf4 26. Rxf4 Bb7 27. Na5 Rab8 28. Nxb7 Rxb7 29. c5 Be5 30. Nc4 Qxc5 31. Rh4 f4 32. Qxe4 fxg3+ 33. Kh1 Rbf7 34. Rg4+ Kh8 35. Qxe5+ Qxe5 36. Nxe5 Re7 37. Ng6+ 1-0


[Site "https://www.chess.com"]

[Event "Titled Tuesday Blitz January 03 Late 2023"]
[White "Fisher_TheGalactic"]
[Black "Bluebaum, Matthias"]
[BlackFideId "24651516"]
[WhiteElo "2492"]
[BlackElo "2669"]
[Result "0-1"]
[Round "01"]
[TimeControl "180+2"]
[Date "2023.01.03"]
[WhiteClock "0:00:09"]
[BlackClock "0:01:18"]

1. Nf3 d5 2. g3 Nf6 3. Bg2 e6 4. O-O Bd6 5. d3 O-O 6. Nbd2 e5 7. e4 c6 8. Re1 Re8 9. Qe2 a5 10. Nf1 Nbd7 11. Nh4 Nf8 12. Ne3 dxe4 13. dxe4 Ne6 14. c3 a4 15. Rd1 Qc7 16. Nhf5 Bf8 17. Nc4 b5 18. Ncd6 Rd8 19. Nxc8 Raxc8 20. Be3 Bc5 21. Bxc5 Nxc5 22. Qe3 Ne6 23. Qe2 g6 24. Ne3 Kg7 25. h4 Nc5 26. Nc2 h5 27. Nb4 Rd6 28. Rxd6 Qxd6 29. Rd1 Qe6 30. Qe3 Ncd7 31. Qa7 c5 32. Nd5 Nxd5 33. exd5 Qd6 34. Qb7 Rb8 35. Qc6 Rb6 36. Qxd6 Rxd6 37. b3 a3 38. Bf1 b4 39. c4 e4 40. Re1 f5 41. f3 Ne5 42. Bg2 Nd3 0-1


[Site "https://www.chess.com"]

[Event "Titled Tuesday Blitz January 03 Late 2023"]
[White "Xiong, Jeffery"]
[Black "Cadena M, Gustavo Adolfo"]
[WhiteFideId "2047640"]
[BlackFideId "4404815"]
[WhiteElo "2692"]
[BlackElo "2195"]
[Result "1-0"]
[Round "01"]
[TimeControl "180+2"]
[Date "2023.01.03"]
[WhiteClock "0:00:32"]
[BlackClock "0:00:02"]

1. e4 c6 2. Nf3 d5 3. d3 g6 4. e5 Bg7 5. d4 c5 6. c3 cxd4 7. cxd4 Nc6 8. Bb5 Bg4 9. Bxc6+ bxc6 10. O-O e6 11. Nbd2 Ne7 12. h3 Bxf3 13. Nxf3 O-O 14. b3 c5 15. dxc5 Nc6 16. Bf4 a5 17. Qd2 Re8 18. a3 Qb8 19. Qc3 Qb7 20. Rab1 Reb8 21. Rfc1 Qc7 22. Qe3 Rb7 23. h4 Rab8 24. h5 Rb5 25. Re1 Qb7 26. hxg6 hxg6 27. b4 d4 28. Nxd4 Nxd4 29. Qxd4 Qa7 30. Bd2 axb4 31. axb4 Bf8 32. Ra1 Qc7 33. Bc3 Bg7 34. Red1 Bf8 35. Qd7 Qb7 36. Ra7 Qxd7 37. Rdxd7 Bxc5 38. bxc5 Rxc5 39. Bd4 Rc1+ 40. Kh2 Kg7 41. Rxf7+ Kh6 42. Be3+ 1-0


[Site "https://www.chess.com"]

[Event "Titled Tuesday Blitz January 03 Late 2023"]
[White "ArchibaldCerveza29"]
[Black "Chigaev, Maksim"]
[BlackFideId "4108116"]
[WhiteElo "2509"]
[BlackElo "2628"]
[Result "0-1"]
[Round "01"]
[TimeControl "180+2"]
[Date "2023.01.03"]
[WhiteClock "0:00:03"]
[BlackClock "0:00:34"]

1. d4 Nf6 2. c4 g6 3. Nc3 Bg7 4. e4 O-O 5. Nf3 d6 6. Be2 e5 7. dxe5 dxe5 8. Qxd8 Rxd8 9. Bg5 Be6 10. Nxe5 h6 11. Bh4 g5 12. Bg3 Na6 13. O-O Nc5 14. Nf3 c6 15. e5 Nfe4 16. Nxe4 Nxe4 17. Rfd1 c5 18. Rd3 g4 19. Ne1 Nxg3 20. hxg3 Bxe5 21. Rad1 Rd4 22. Rxd4 Bxd4 23. b3 Re8 24. Kf1 Kg7 25. Nc2 Bf6 26. Ne3 h5 27. Nd5 Bd4 28. Nc7 Re7 29. Nxe6+ Rxe6 30. Bd3 Rf6 31. Rd2 h4 32. gxh4 g3 33. f3 Rf4 34. Be4 b6 35. Ke2 f5 36. Bd5 Rxh4 37. Kd3 Kf6 38. Re2 Kg5 39. a3 Kf4 40. b4 Rh1 41. bxc5 bxc5 42. Re7 Rd1+ 43. Kc2 Rg1 44. Re2 Bf2 45. Kd3 Rxg2 46. Re7 Rg1 47. Rf7 Rd1+ 48. Ke2 Re1+ 49. Kd2 g2 50. Be6 Rxe6 0-1


[Site "https://www.chess.com"]

[Event "Titled Tuesday Blitz January 03 Late 2023"]
[White "Tari, Aryan"]
[Black "Carbone, Diego"]
[WhiteFideId "1510045"]
[BlackFideId "3002179"]
[WhiteElo "2642"]
[BlackElo "2336"]
[Result "1-0"]
[Round "01"]
[TimeControl "180+2"]
[Date "2023.01.03"]
[WhiteClock "0:01:49"]
[BlackClock "0:00:52"]

1. d4 Nf6 2. c4 e6 3. Nf3 d5 4. Nc3 dxc4 5. e3 a6 6. a4 b6 7. Bxc4 Bb7 8. O-O Bb4 9. Qe2 c5 10. Na2 Ba5 11. dxc5 bxc5 12. b3 Nbd7 13. Ba3 O-O 14. Rfd1 Qc7 15. Rac1 Rfd8 16. b4 Bb6 17. Bd3 Bxf3 18. Qxf3 Ne5 19. Qe2 Nxd3 20. Rxd3 Rxd3 21. Qxd3 Rd8 22. Qe2 Nd7 23. bxc5 Bxc5 24. Qxa6 Rc8 25. g3 Qe5 26. Qxc8+ 1-0


[Site "https://www.chess.com"]

[Event "Titled Tuesday Blitz January 03 Late 2023"]
[White "Berezin, Viktor"]
[Black "Sjugirov, Sanan"]
[WhiteFideId "14107872"]
[BlackFideId "4189302"]
[WhiteElo "2307"]
[BlackElo "2712"]
[Result "0-1"]
[Round "01"]
[TimeControl "180+2"]
[Date "2023.01.03"]
[WhiteClock "0:00:12"]
[BlackClock "0:00:16"]

1. d4 Nf6 2. Nf3 e6 3. c4 h6 4. g3 d5 5. Bg2 Bd6 6. O-O O-O 7. Qc2 b6 8. b3 Bb7 9. Bb2 Nbd7 10. Nc3 Rc8 11. Rac1 a6 12. Rfd1 Qe7 13. cxd5 exd5 14. Nh4 g6 15. Re1 Rfe8 16. Rcd1 c5 17. dxc5 Bxc5 18. Qd2 Ne5 19. h3 d4 20. Na4 Bb4 21. Qxh6 Bxg2 22. Nxg2 Bxe1 23. Rxe1 d3 24. Bxe5 Qxe5 25. exd3 Qd4 26. Rxe8+ Rxe8 27. Qd2 Nd5 28. Nb2 Qc3 29. Qxc3 Nxc3 30. Ne3 Nxa2 31. Kf1 b5 32. Ke2 Nc1+ 33. Kd1 Nxb3 34. Nd5 Re6 35. Kc2 Nd4+ 36. Kc3 Ne2+ 37. Kd2 Ng1 38. h4 Nf3+ 39. Kc3 Kg7 40. Nd1 Rc6+ 41. Kb2 Ne5 42. Nf4 b4 43. Kb3 a5 44. Ka4 Rc2 45. Kb3 Rd2 46. Ne3 Nxd3 47. Nc4 Nc5# 0-1


[Site "https://www.chess.com"]

[Event "Titled Tuesday Blitz January 03 Late 2023"]
[White "Keymer, Vincent"]
[Black "Kuegel, Tobias"]
[WhiteFideId "12940690"]
[BlackFideId "4636295"]
[WhiteElo "2700"]
[BlackElo "2332"]
[Result "1-0"]
[Round "01"]
[TimeControl "180+2"]
[Date "2023.01.03"]
[WhiteClock "0:01:52"]
[BlackClock "0:00:05"]

1. Nf3 d5 2. e3 Nf6 3. c4 e6 4. Nc3 Be7 5. b3 O-O 6. Bb2 c5 7. cxd5 Nxd5 8. Qc2 b6 9. Nxd5 Qxd5 10. Bd3 f5 11. Rd1 Bb7 12. Bc4 Qd6 13. d4 Be4 14. Qe2 Nc6 15. dxc5 Qxc5 16. Bxe6+ Kh8 17. O-O Rad8 18. Qc4 Qxc4 19. Bxc4 Rxd1 20. Rxd1 Rd8 21. Rxd8+ Bxd8 22. Ne5 Nxe5 23. Bxe5 h6 24. b4 Kh7 25. b5 Kg6 26. f3 Bb1 27. Bb8 Be7 28. Kf2 Bc5 29. g3 Kf6 30. Bxa7 g5 31. Ke2 g4 32. a4 gxf3+ 33. Kxf3 Be4+ 34. Ke2 Ke5 35. a5 Kd6 36. Bxb6 Bxb6 37. axb6 Bb7 38. Bd3 Kc5 39. Bxf5 Kxb5 40. e4 Kxb6 41. Ke3 Kc5 42. Kf4 Kd6 43. e5+ Ke7 44. Kg4 Bd5 45. Kh5 Be6 46. Bxe6 Kxe6 47. Kxh6 Kxe5 48. g4 Kf6 49. g5+ Kf7 50. Kh7 Kf8 51. g6 Ke7 52. h4 1-0


[Site "https://www.chess.com"]

[Event "Titled Tuesday Blitz January 03 Late 2023"]
[White "Andreev, Eduard"]
[Black "Shimanov, Aleksandr"]
[WhiteFideId "14103400"]
[BlackFideId "4198603"]
[WhiteElo "2413"]
[BlackElo "2581"]
[Result "1-0"]
[Round "01"]
[TimeControl "180+2"]
[Date "2023.01.03"]
[WhiteClock "0:00:12"]
[BlackClock "0:00:10"]

1. Nf3 g6 2. g3 Bg7 3. d4 d5 4. c4 e6 5. Bg2 Ne7 6. O-O Nbc6 7. cxd5 exd5 8. Nc3 O-O 9. Bf4 Bg4 10. e3 Qd7 11. Qb3 Bxf3 12. Bxf3 Na5 13. Qa4 Qxa4 14. Nxa4 c6 15. b3 b6 16. Rac1 Rac8 17. Bd6 Bf6 18. Bg4 Rcd8 19. Bc7 Ra8 20. Bd6 h5 21. Bh3 Rfd8 22. Bc7 Rf8 23. Bd7 Kg7 24. Rfd1 g5 25. Rc2 g4 26. Nb2 Nb7 27. Nd3 Nd8 28. Nf4 Rh8 29. Bxd8 Raxd8 30. Bxc6 Bg5 31. Bb7 Rd7 32. Ba6 Bxf4 33. gxf4 Nf5 34. Bc8 Rhd8 35. Bxd7 Rxd7 36. Rdc1 h4 37. Rc7 Rd8 38. Rc8 Rd6 39. R1c6 Rd7 40. R8c7 Rd8 41. Rxa7 Nd6 42. a4 Ne4 43. b4 h3 44. Kf1 Nd2+ 45. Kg1 Nf3+ 46. Kh1 Re8 47. Rcc7 Kg6 48. Rxf7 Rc8 49. Rfc7 Re8 50. a5 bxa5 51. b5 Nxd4 52. b6 Re6 53. Ra6 Kf5 54. b7 Re8 55. Rc8 Re7 56. b8=Q Ke4 57. Re8 Nf5 58. Rxe7+ Nxe7 59. Qe5+ Kd3 60. Qxe7 Ke2 61. Qe5 Kxf2 62. Qxd5 g3 63. hxg3 a4 64. f5 a3 65. Rxa3 h2 66. Ra2+ Kxg3 67. Qg2+ Kh4 68. Qxh2+ Kg5 69. Qg2+ Kf6 70. Qg6+ Ke5 71. Qe6# 1-0


[Site "https://www.chess.com"]

[Event "Titled Tuesday Blitz January 03 Late 2023"]
[White "Gholami Orimi, Mahdi"]
[Black "Orzech, Dominik"]
[WhiteFideId "12558486"]
[BlackFideId "1115065"]
[WhiteElo "2420"]
[BlackElo "2308"]
[Result "1-0"]
[Round "01"]
[TimeControl "180+2"]
[Date "2023.01.03"]
[WhiteClock "0:01:06"]
[BlackClock "0:00:33"]

1. d4 d5 2. c4 c6 3. Nf3 Nf6 4. g3 g6 5. Bg2 dxc4 6. Qc2 Bg7 7. Qxc4 Be6 8. Qc2 Bf5 9. Qb3 Qb6 10. Qa3 O-O 11. Qxe7 Re8 12. Qa3 Bf8 13. Qb3 Qa6 14. Nc3 Bd3 15. Be3 Bc4 16. Qc2 Bb4 17. Ne5 Nbd7 18. Nxc4 Qxc4 19. O-O Nd5 20. Bxd5 cxd5 21. Qb3 Bxc3 22. bxc3 Nb6 23. Rfe1 Rac8 24. Bd2 Rxe2 25. Qxc4 Rxe1+ 26. Rxe1 Nxc4 27. Bf4 a5 28. Re7 b5 29. Rd7 Na3 30. Rxd5 Rxc3 31. Bh6 f5 32. Rd7 Nc2 33. Rg7+ Kh8 34. d5 Nb4 35. d6 Rd3 36. Rf7 Rd1+ 37. Kg2 Rxd6 38. Rf8# 1-0


[Site "https://www.chess.com"]

[Event "Titled Tuesday Blitz January 03 Late 2023"]
[White "Zomorrodian, Eilia"]
[Black "Lazavik, Denis"]
[WhiteFideId "12551805"]
[BlackFideId "13515110"]
[WhiteElo "2109"]
[BlackElo "2544"]
[Result "0-1"]
[Round "01"]
[TimeControl "180+2"]
[Date "2023.01.03"]
[WhiteClock "0:00:19"]
[BlackClock "0:00:08"]

1. e4 c5 2. Nf3 e6 3. c3 d5 4. exd5 Qxd5 5. d4 Nf6 6. Be3 cxd4 7. cxd4 Nc6 8. Nc3 Qd6 9. Bd3 Be7 10. O-O O-O 11. Qe2 b6 12. Rad1 Bb7 13. a3 Rfd8 14. Bb1 g6 15. Bh6 Ng4 16. Be3 Qc7 17. Rfe1 Nxe3 18. fxe3 Bf6 19. Ba2 Ne7 20. e4 Bg7 21. Rf1 Rac8 22. Ng5 Bxd4+ 23. Rxd4 Rxd4 24. Rxf7 Qc5 25. Rg7+ Kxg7 26. Nxe6+ Kh8 27. Nxc5 bxc5 28. Qf2 Ng8 29. Qf7 Bxe4 30. Qe6 Rf8 31. Qe5+ Nf6 32. Qe7 Rdd8 33. h4 Ba8 34. Qxc5 Ng4 35. Qg5 Nf6 36. Qe5 Rde8 37. Qg3 Kg7 38. Qc7+ Kh8 39. Qg3 Re7 40. Qg5 Re1+ 41. Kh2 Kg7 42. b4 h5 43. Nd5 Ng4+ 44. Kg3 Re5 45. Qd2 Bxd5 46. Bxd5 Ne3 47. Bf3 Nf1+ 48. Kf2 Nxd2 0-1


[Site "https://www.chess.com"]